 Dungeon Crawl Stone Soup version 0.23.1-37-gaa34b87 (webtiles) character file.

Game seed: 14994169643415243592

246 kae the Insei (level 5, -3/41 HPs)
             Began as a Demonspawn Skald on Mar 22, 2019.
             Was a Follower of Wu Jian.
             Slain by an orc priest
             ... wielding a +0 flail
              (12 damage)
             ... on level 3 of the Dungeon.
             The game lasted 00:03:56 (3336 turns).

kae the Insei (Demonspawn Skald)                    Turns: 3336, Time: 00:03:57

Health: -3/41      AC:  0    Str: 11    XL:     5   Next: 84%
Magic:  7/8        EV: 12    Int: 15    God:    Wu Jian [*.....]
Gold:   59         SH:  0    Dex: 13    Spells: 7/8 levels left

rFire    + . .     SeeInvis .     - Unarmed
rCold    + . .     Gourm    .   (no shield)
rNeg     . . .     Faith    .   a - +0 leather armour
rPois    .         Spirit   .   p - +0 helmet
rElec    .         Reflect  .   m - scarf {rC+ rF+}
rCorr    .         Harm     .   (no gloves)
MR       .....                  (no boots)
Stlth    +.........             (no amulet)
HPRegen  0.13/turn              (no ring)
MPRegen  0.11/turn              (no ring)

@: corroded
A: hooves 2
a: Renounce Religion


You were on level 3 of the Dungeon.
You worshipped Wu Jian.
Wu Jian was aware of your devotion.
You were not hungry.

You visited 1 branch of the dungeon, and saw 3 of its levels.

You collected 59 gold pieces.

Inventory:

Armour
 a - a +0 leather armour (worn)
 m - a scarf of resistance (worn)
 p - a +0 helmet (worn)
Scrolls
 b - 2 scrolls of teleportation
 d - a scroll of blinking {unknown}
 h - 3 scrolls of magic mapping
Potions
 e - 2 potions of curing
 g - a potion of degeneration {unknown}
 i - 2 potions of heal wounds {unknown}
 j - a potion of might {unknown}
 o - a potion of haste {unknown}
 r - a potion of cancellation
Comestibles
 c - 5 rations


   Skills:
 + Level 3.4 Fighting
 - Level 0.8 Armour
 - Level 1.7 Dodging
 * Level 4.1 Unarmed Combat
 - Level 2.0 Spellcasting
 + Level 3.7 Charms


You had 7 spell levels left.
You knew the following spells:

 Your Spells              Type           Power        Failure   Level  Hunger
a - Infusion              Chrm           ##..         6%          1    #......

Your spell library contained the following spells:

 Spells                   Type           Power        Failure   Level  Hunger
 Song of Slaying          Chrm           ##......     10%         2    ###....
 Shroud of Golubria       Chrm/Tloc      #.........   21%         2    ###....
 Regeneration             Chrm/Necr      #.........   38%         3    ###....
 Spectral Weapon          Hex/Chrm       #.......     38%         3    ###....


Dungeon Overview and Level Annotations

Branches:
Dungeon (3/15)

Altars:
Fedhas
Kikubaaqudgha
Wu Jian
Zin

Annotations:
D:2 1 runed translucent door, Crazy Yiuf


Innate Abilities, Weirdness & Mutations

You have hoof-like feet.


Message History

The Council accepts your kill.
No target in view!
Things that are here:
a cursed -1 club; a hobgoblin corpse No target in view!
No target in view!
Your magical infusion is running out.
c - 5 rations (gained 1)
You are no longer magically infusing your attacks.
The orc priest is too close now for your liking.
The orc priest shouts!
You hear an angry hiss.
The orc zaps a wand.
The bolt of acid hits you! The acid corrodes you!
You are splashed with acid!
* * * LOW HITPOINT WARNING * * *
There are monsters nearby!
There are monsters nearby!
There are monsters nearby!
Unknown command.
The orc priest hits you with a +0 flail!
You die...

####### #........## .#.
#.......######....###...
........# ###.........#
...$.<..# #.......##..#
........# #..####.#..###
........###..# #...##..
............## #..##..#
....o.o...#######.)#....
.......@.## #..........#
.###..#..# #..........#
#.....<.# #..........#
...............†.......#
##.......####..........#
#..##..###.............
##. ..#....#...........
. ..# .####..........#
.. g #..........#


You could see an orc priest and an orc.

Vanquished Creatures
  An orc priest (D:3)
  A jelly (D:2)
  Natasha (thrice) (D:2)
  4 adders (D:2)
  2 worms (D:2)
  A dart slug (D:1)
  2 leopard geckos (D:2)
  3 orcs
  A ball python (D:2)
  2 giant cockroaches (D:1)
  11 goblins
  5 hobgoblins
  8 jackals
  A quokka (D:2)
  10 bats
  6 frilled lizards
  5 kobolds
  3 rats
69 creatures vanquished.

Notes
Turn   | Place    | Note
-------+----------+-------------------------------------------
     0 | D:1      | kae the Demonspawn Skald began the quest for the Orb.
     0 | D:1      | Reached XP level 1. HP: 16/16 MP: 3/3
   158 | D:1      | Reached skill level 2 in Unarmed Combat
   224 | D:1      | Gained mutation: You have large cloven feet. [demonic
                  | ancestry]
   224 | D:1      | Reached XP level 2. HP: 15/22 MP: 0/5
   808 | D:1      | Reached XP level 3. HP: 28/28 MP: 6/6
  1197 | D:2      | Noticed Natasha
  1214 | D:2      | Killed Natasha
  1214 | D:2      | Reached skill level 3 in Unarmed Combat
  1417 | D:2      | Reached XP level 4. HP: 12/34 MP: 2/7
  2166 | D:2      | Found a glowing silver altar of Zin.
  2169 | D:2      | Found an ornate altar of the Wu Jian Council.
  2169 | D:2      | Found an ancient bone altar of Kikubaaqudgha.
  2170 | D:2      | Found a blossoming altar of Fedhas.
  2175 | D:2      | Became a worshipper of the Wu Jian Council
  2329 | D:2      | Gained mutation: You have hoof-like feet. [demonic
                  | ancestry]
  2329 | D:2      | Reached XP level 5. HP: 32/41 MP: 8/8
  2678 | D:2      | Noticed Natasha
  2864 | D:2      | Killed Natasha
  2920 | D:2      | Found a runed translucent door.
  2921 | D:2      | Noticed Crazy Yiuf
  3013 | D:2      | Noticed Natasha
  3023 | D:2      | Killed Natasha
  3149 | D:2      | Reached skill level 4 in Unarmed Combat
  3261 | D:3      | Reached * piety under Wu Jian
  3336 | D:3      | Slain by an orc priest

Skill      XL: |  1  2  3  4  5 |
---------------+----------------+-----
Unarmed Combat | 2 3 4 |  4.1
Charms         | 3 |  3.7
Fighting       | 3 |  3.4
Armour         | |  0.8
Dodging        | |  1.7
Spellcasting   | |  2.0

Action                   |  1- 3 |  4- 6 || total
-------------------------+-------+-------++-------
Melee: Unarmed           |   127 |    96 ||   223
       Kick              |    20 |    15 ||    35
       Punch             |       |     1 ||     1
 Cast: Infusion          |     6 |    13 ||    19
Invok: Lunge             |       |     4 ||     4
  Use: Potion            |     2 |       ||     2
       Scroll            |       |     7 ||     7
  Eat: Chunk             |     2 |     6 ||     8
Armor: Leather armour    |    39 |    20 ||    59
Dodge: Dodged            |    80 |    47 ||   127
